 Dungeon Crawl Stone Soup version 0.21.1-1-g345015f (webtiles) character file.

105 wojtek the Chopper (level 4, -5/39 HPs)
             Began as a Minotaur Fighter on July 11, 2018.
             Slain by a gnoll (6 damage)
             ... on level 3 of the Dungeon.
             The game lasted 00:02:13 (1426 turns).

wojtek the Chopper (Minotaur Fighter)               Turns: 1426, Time: 00:02:14

Health: -5/39      AC:  9    Str: 21    XL:     4   Next: 54%
Magic:  3/3        EV:  7    Int:  5    God:
Gold:   63         SH:  9    Dex: 10    Spells: 3/3 levels left

rFire    + . .     SeeInvis .   a - +0 war axe
rCold    . . .     Gourm    .   c - +0 shield
rNeg     . . .     Faith    .   b - +0 scale mail
rPois    .         Spirit   .   (helmet restricted)
rElec    .         Reflect  .   p - +1 cloak {+Inv}
rCorr    .         Harm     .   (no gloves)
MR       .....                  (no boots)
Stlth    ..........             (no amulet)
HPRegen  0.13/turn              i - ring of protection from fire
MPRegen  0.08/turn              (no ring)

@: no status effects
A: retaliatory headbutt, horns 2
a: Evoke Invisibility


You were on level 3 of the Dungeon.
You were not hungry.

You visited 1 branch of the dungeon, and saw 3 of its levels.

You collected 63 gold pieces.

Inventory:

Hand Weapons
 a - a +0 war axe (weapon)
Armour
 b - a +0 scale mail (worn)
 c - a +0 shield (worn)
 o - a +0 large shield
 p - a +1 cloak of invisibility (worn)
Jewellery
 i - a ring of protection from fire (left hand)
Scrolls
 g - 2 scrolls of remove curse {unknown}
 j - a scroll of noise {unknown}
 k - a scroll of blinking {unknown}
Potions
 d - a potion of might
 e - 2 potions of heal wounds {unknown}
 h - 3 potions of curing {unknown}
 n - a potion of cancellation {unknown}
Comestibles
 f - 4 rations
 l - 5 chunks of flesh


   Skills:
 - Level 3.6 Fighting
 + Level 5.9 Axes
 - Level 3.6 Armour
 - Level 3.6 Shields


You had 3 spell levels left.
You didn't know any spells.

Dungeon Overview and Level Annotations

Branches:
Dungeon (3/15)

Altars:
Fedhas
Uskayaw


Innate Abilities, Weirdness & Mutations

You reflexively headbutt those who attack you in melee.
You have a pair of horns on your head.


Message History

The gnoll closely misses you. You furiously retaliate!
You headbutt the gnoll.
A rat comes into view.
You fail to use your ability.
You block the gnoll's attack. The gnoll hits you but does no damage.
The orc priest barely misses you. You furiously retaliate!
You headbutt the orc priest, but do no damage.
The gnoll hits you with a club.
* * * LOW HITPOINT WARNING * * *
You fail to use your ability.
You block the gnoll's attack. The orc priest closely misses you.
The gnoll hits you but does no damage.
You fail to use your ability.
You block the orc's attack. The gnoll closely misses you.
The orc priest hits you but does no damage.
The gnoll hits you with a flail!
* * * LOW HITPOINT WARNING * * *
You fail to use your ability.
The orc priest barely misses you. The gnoll barely misses you.
The gnoll closely misses you. You furiously retaliate!
You headbutt the gnoll! The orc barely misses you. The gnoll hits you.
You die...

#########.###.#
#<#.........#.#####
#.....###.#.#.....#
#.....# #.#.#.....#
##.....# #.#.#.....#
.......# #.#.#.....#
###....# #.#.#...o.#
..'....###.#.#..ooo###..
###....#......(g@go'r...
#....#.#...##ogg.####+
###### #...##.o..#
#.>......(†...og.
#......).......o.
#.#.############# #.#.#
#+#.


You could see 3 orc priests, 4 gnolls, 4 orcs and a rat.

Vanquished Creatures
  Crazy Yiuf (D:2)
  2 adders (D:2)
  5 dart slugs
  A leopard gecko (D:2)
  5 giant cockroaches
  4 goblins
  6 hobgoblins
  4 jackals
  5 kobolds
  5 bats
  5 frilled lizards
  3 rats
  A fungus (D:2)
47 creatures vanquished.

Vanquished Creatures (others)
  4 fungi (D:2)
4 creatures vanquished.

Grand Total: 51 creatures vanquished

Notes
Turn   | Place    | Note
-------+----------+-------------------------------------------
     0 | D:1      | wojtek the Minotaur Fighter began the quest for the Orb.
     0 | D:1      | Reached XP level 1. HP: 19/19 MP: 0/0
   251 | D:1      | Reached skill level 3 in Axes
   286 | D:1      | Reached XP level 2. HP: 26/26 MP: 1/1
   564 | D:2      | Reached skill level 4 in Axes
   639 | D:2      | Reached XP level 3. HP: 29/31 MP: 2/2
   644 | D:2      | Found a hide-covered altar of Uskayaw.
   657 | D:2      | Found a blossoming altar of Fedhas.
   701 | D:2      | Reached skill level 5 in Axes
  1053 | D:2      | Reached XP level 4. HP: 39/39 MP: 3/3
  1268 | D:2      | Found a runed door.
  1272 | D:2      | Noticed Crazy Yiuf
  1274 | D:2      | Killed Crazy Yiuf
  1425 | D:3      | HP: 1/39 [gnoll/flail (8)]
  1426 | D:3      | Slain by a gnoll

Skill      XL: |  1  2  3 |
---------------+----------+-----
Axes           | 3 4 5 |  5.9
Fighting       | |  3.6
Armour         | |  3.6
Shields        | |  3.6

Action                   |  1- 3 |  4- 6 || total
-------------------------+-------+-------++-------
Melee: War axe           |    95 |    18 ||   113
       Headbutt          |    14 |     2 ||    16
  Eat: Chunk             |     1 |     1 ||     2
Armor: Scale mail        |    45 |    20 ||    65
Dodge: Dodged            |    28 |    20 ||    48
Block: Shield            |    53 |    17 ||    70
